 Dungeon Crawl Stone Soup version 0.22.0-16-gc6d26f6 (webtiles) character file.

108137 Gravenous the Brawler (level 16, -3/163 HPs)
             Began as a Troll Arcane Marksman on Aug 17, 2018.
             Slain by a tyrant leech (7 damage)
             ... on level 3 of the Swamp.
             The game lasted 00:51:33 (26854 turns).

Gravenous the Brawler (Troll Arcane Marksman)      Turns: 26854, Time: 00:51:34

Health: -3/163     AC: 12    Str: 27    XL:     16   Next: 1%
Magic:  16/16      EV: 12    Int: 14    God:
Gold:   1490       SH: 11    Dex: 12    Spells: 10/17 levels left

rFire    . . .     SeeInvis .     - Unarmed
rCold    . . .     Gourm    +   y - +0 shield
rNeg     . . .     Faith    .   c - +0 swamp dragon scales
rPois    +         Spirit   .   N - +1 hat
rElec    .         Reflect  .   b - +0 cloak
rCorr    .         Harm     .   (gloves unavailable)
MR       ++...                  (boots unavailable)
Stlth    +.........             (no amulet)
HPRegen  0.77/turn              j - +3 ring of evasion
MPRegen  0.15/turn              q - ring of protection from magic

@: mighty
A: large, unfitting armour, claws 3, horns 1, agile 1, fast metabolism 3,
gourmand, regeneration 1, shaggy fur 1, tough skin 2
a: no special abilities


You were on level 3 of the Swamp.
You were full.

You visited 4 branches of the dungeon, and saw 26 of its levels.
You also visited: Sewer.

You collected 2534 gold pieces.
You spent 1044 gold pieces at shops.

Inventory:

Hand Weapons
 J - a +0 blowgun
Missiles
 d - 2 throwing nets
 u - 11 curare-tipped needles
 v - 15 large rocks (quivered)
Armour
 b - a +0 cloak (worn)
 c - +0 swamp dragon scales (worn)
 x - a +2 robe of resistance
 y - a +0 shield (worn)
 N - a +1 hat (worn)
Magical Staves
 A - an uncursed staff of energy
Jewellery
 j - a +3 ring of evasion (left claw)
 q - a ring of protection from magic (right claw)
Wands
 e - a wand of clouds (13)
 g - a wand of paralysis (41)
 F - a wand of disintegration (24)
 R - a wand of acid (5)
Scrolls
 a - 3 scrolls of magic mapping
 i - 15 scrolls of teleportation
 k - 11 scrolls of identify
 l - a scroll of fear
 m - 4 scrolls of blinking
 p - a scroll of fog
 t - 11 scrolls of remove curse
 D - 6 scrolls of enchant armour
 E - 9 scrolls of enchant weapon
 K - a scroll of silence
Potions
 n - 4 potions of haste
 o - 2 potions of lignification
 r - 3 potions of brilliance
 s - a potion of resistance
 H - a potion of flight
 I - 6 potions of heal wounds
 M - 5 potions of curing
 O - a potion of mutation
 P - 2 potions of invisibility
Miscellaneous
 w - a phial of floods
 C - 2 phantom mirrors
 G - a lamp of fire
Comestibles
 f - 41 rations


   Skills:
 - Level 11.4 Fighting
 - Level 1.7 Throwing
 - Level 1.5 Dodging
 - Level 9.0 Shields
 - Level 17.8 Unarmed Combat
 - Level 1.0 Spellcasting
 - Level 2.0 Hexes
 + Level 6.4 Transmutations
 * Level 11.0 Earth Magic


You had 10 spell levels left.
You knew the following spells:

 Your Spells              Type           Power        Failure   Level  Hunger
a - Corona                Hex            #......      17%         1    ##.....
b - Statue Form           Tmut/Erth      ####.....    86%         6    #######

Your spell library contained the following spells:

 Spells                   Type           Power        Failure   Level  Hunger
 Cause Fear               Hex            #.........   86%         4    #####..
 Slow                     Hex            #.......     26%         2    ###....
 Confuse                  Hex            #.......     45%         3    ####...
 Throw Frost              Conj/Ice       #.....       52%         2    ###....
 Blink                    Tloc           N/A          52%         2    ###....
 Animate Dead             Necr           N/A          98%         4    #####..
 Pain                     Necr           #...         36%         1    ##.....
 Animate Skeleton         Necr           N/A          36%         1    ##.....
 Vampiric Draining        Necr           #.........   75%         3    ####...
 Freeze                   Ice            #...         36%         1    ##.....
 Summon Ice Beast         Ice/Summ       #.......     98%         4    #####..
 Ozocubu's Armour         Chrm/Ice       #.......     75%         3    ####...
 Regeneration             Chrm/Necr      #.........   75%         3    ####...
 Stone Arrow              Conj/Erth      ###...       12%         3    ####...
 Throw Icicle             Conj/Ice       #.......     98%         4    #####..
 Confusing Touch          Hex            #.....       17%         1    ##.....
 Passwall                 Tmut/Erth      ####....     1%          2    ###....
 Metabolic Englaciation   Hex/Ice        #.........   100%        5    ######.
 Lee's Rapid Deconstruct  Erth           ####......   12%         5    ######.
 Sandblast                Erth           ####..       1%          1    ##.....
 Portal Projectile        Hex/Tloc       #.....       61%         3    ####...
 Petrify                  Tmut/Erth      ####....     11%         4    #####..
 Leda's Liquefaction      Hex/Erth       ###.......   26%         4    #####..
 Shroud of Golubria       Chrm/Tloc      #.........   52%         2    ###....
 Inner Flame              Hex/Fire       #.......     61%         3    ####...
 Force Lance              Conj/Tloc      #.......     98%         4    #####..
 Gell's Gravitas          Tloc           #.........   75%         3    ####...
 Yara's Violent Unravell  Hex/Tmut       ##........   89%         5    ######.


Dungeon Overview and Level Annotations

Branches:
Dungeon (15/15)            Temple (0/1) D:5            Lair (6/6) D:10
  Swamp (2/4) Lair:2       Spider (0/4) Lair:4        Slime (0/5) Lair:6
    Orc (2/2) D:12            Elf (0/3) Orc:2        Vaults (0/5) D:13
 Depths (0/5) D:15

Altars:
Ashenzari
Cheibriados
Elyvilon
Gozag
Kikubaaqudgha
Makhleb
Nemelex Xobeh
Okawaru
Sif Muna
Vehumet
Xom
Yredelemnul
Zin
The Shining One
Jiyva

Shops:
Orc:1 (   Orc:2 %[:?

Portals:
Trove: D:11 (give 6 potions of haste)

Annotations:
D:13 Rupert
D:14 3 runed doors, Ucsaci's ghost, journeyman HuFi
Swamp:1 3 runed doors, Duilyg's ghost, adept MiBe
Swamp:2 Nikola


Innate Abilities, Weirdness & Mutations

You are too large for most types of armour.
You have claws for hands.
Your metabolism is lightning-fast.
You like to eat raw meat.
Your natural rate of healing is unusually fast.
You are covered in fur. (AC +1)
You have very tough skin. (AC +2)
You have a pair of small horns on your head.
You are agile. (Dex +2)


Message History

You claw the thorn hunter! Your headbutt misses the thorn hunter.
The thorn hunter is almost destroyed.
The thorn hunter hits you!
* * * LOW HITPOINT WARNING * * *
You block the thorn hunter's attack. You block the tyrant leech's attack.
Unknown command.
You mangle the thorn hunter!!
You destroy the thorn hunter!
Your Earth Magic skill increases to level 11!
You have reached level 16!
You eviscerate the tyrant leech!!! Your headbutt misses the tyrant leech.
The tyrant leech is almost dead.
The tyrant leech bites you!!
* * * LOW HITPOINT WARNING * * *
The tyrant leech draws strength from your injuries!
Unknown command.
You closely miss the tyrant leech. Your headbutt misses the tyrant leech.
The tyrant leech is severely wounded.
The tyrant leech bites you!
You die...

♣≈ .♣≈. ..♣
♣♣.≈. ♣♣.♣..
♣≈.≈♣ ♣♣♣♣♣≈≈§♣♣
♣≈♣♣..§§§§.≈♣≈.♣
≈≈≈.≈≈w@§§§.f..♣
≈≈§.≈≈.≈§≈≈≈≈≈≈≈
≈≈≈♣.≈≈♣♣≈≈≈≈≈♣≈
≈≈ ♣♣♣♣ ♣...♣≈≈
.≈.♣ ≈ ≈≈..≈
≈≈≈.♣≈ ≈♣♣♣


You could see a tyrant leech.

Vanquished Creatures
  Gastronok (D:8)
  Kirke (D:13)
  A thorn hunter (Swamp:3)
  An orc warlord (Orc:1)
  2 entropy weavers
  Nessos (D:13)
  Snorg (Orc:2)
  Josephine (D:12)
  3 hydras
  Fannar (Lair:3)
  Erica (D:11)
  3 alligators (Swamp:1)
  3 two-headed ogres
  5 centaur warriors
  An anaconda (shapeshifter) (D:15)
  3 catoblepae (Lair:6)
  6 death yaks (Lair:6)
  A queen ant (Lair:3)
  3 orc high priests
  Urug (D:13)
  2 unseen horrors (D:15)
  3 swamp dragons
  2 shambling mangroves (Swamp:1)
  Pikel (D:4)
  6 orc knights
  2 ugly things
  4 orc sorcerers (Orc:2)
  A wolf spider (D:15)
  4 cyclopes
  8 manticores
  A deep elf mage (D:14)
  Joseph (D:9)
  16 elephants
  Maurice (D:9)
  2 black mambas
  12 spiny frogs
  9 komodo dragons
  A rime drake (Lair:1)
  3 kobold demonologists
  2 polar bears
  3 tyrant leeches
  A merfolk (D:15)
  8 hornets
  12 trolls
  5 blink frogs
  12 hippogriffs
  4 bog bodies
  7 dream sheep (Lair:6)
  21 slime creatures
  A shadow (D:11)
  Sigmund (D:5)
  6 wraiths
  5 wyverns
  3 spriggans
  A water elemental (D:15)
  A vampire (D:13)
  2 hungry ghosts
  55 yaks
  16 humans
  2 basilisks
  6 vampire mosquitoes
  Menkaure (D:4)
  3 insubstantial wisps
  3 wargs
  14 soldier ants
  5 swamp worms
  2 acid dragons
  15 water moccasins
  Duvessa (D:4)
  6 porcupines
  33 orc warriors
  3 swamp drakes (Swamp:1)
  An eye of draining (D:14)
  An eye of draining (shapeshifter) (D:13)
  2 slaves
  3 ice beasts
  A phantom (D:11)
  A sky beast (D:10)
  4 necrophages
  13 ogres
  26 wolves
  17 centaurs
  13 crocodiles
  7 big kobolds
  13 bullfrogs
  A wyvern zombie (D:7)
  Dowan (D:4)
  2 gnoll sergeants
  A wyvern skeleton (D:10)
  4 scorpions
  16 killer bees
  11 wights
  4 electric eels (Lair:2)
  A bullfrog zombie (D:11)
  4 crimson imps
  5 jellies
  4 hounds
  Crazy Yiuf (D:3)
  29 orc wizards
  17 orc priests
  5 centaur skeletons
  3 iguanas
  4 hell rats (Lair:6)
  27 worker ants
  A killer bee zombie (D:9)
  2 howler monkey zombies
  Robin (D:4)
  7 gnolls
  A worker ant zombie (D:5)
  12 adders
  8 river rats (Sewer)
  4 shadow imps
  12 white imps (Lair:1)
  An ooze (D:1)
  3 adder skeletons
  5 worms
  3 dart slugs (D:1)
  10 leopard geckos
  79 orcs
  6 bats
  10 giant cockroaches
  15 goblins
  14 hobgoblins
  19 jackals
  16 kobolds
  2 quokkas (D:11)
  6 ball pythons
  A ball python skeleton (D:4)
  14 frilled lizards
  A leopard gecko zombie (D:5)
  15 rats
  A plant (D:10)
890 creatures vanquished.

Vanquished Creatures (others)
  3 humans (D:13)
  A dart slug (D:5)
  A leopard gecko (D:4)
  3 fungi
  17 plants
25 creatures vanquished.

Grand Total: 915 creatures vanquished

Notes
Turn   | Place    | Note
-------+----------+-------------------------------------------
     0 | D:1      | Gravenous the Troll Arcane Marksman began the quest for the Orb.
     0 | D:1      | Reached XP level 1. HP: 18/18 MP: 1/1
    61 | D:1      | Reached skill level 1 in Fighting
    61 | D:1      | Reached skill level 1 in Unarmed Combat
    65 | D:1      | Reached XP level 2. HP: 22/27 MP: 2/2
   172 | D:1      | Reached skill level 2 in Unarmed Combat
   351 | D:1      | Reached XP level 3. HP: 28/33 MP: 3/3
   903 | D:2      | Found an iron altar of Okawaru.
  1063 | D:2      | Reached XP level 4. HP: 38/42 MP: 4/4
  1141 | D:2      | Reached skill level 3 in Unarmed Combat
  1205 | D:3      | Found a runed door.
  1335 | D:3      | Noticed Crazy Yiuf
  1344 | D:3      | Killed Crazy Yiuf
  1494 | D:3      | Reached XP level 5. HP: 29/49 MP: 5/5
  1927 | D:3      | Reached skill level 4 in Unarmed Combat
  2018 | D:4      | Found an opulent altar of Gozag.
  2045 | D:4      | Noticed Dowan
  2045 | D:4      | Noticed an ogre
  2046 | D:4      | Noticed Duvessa
  2048 | D:4      | Killed an ogre
  2056 | D:4      | Killed Duvessa
  2056 | D:4      | Reached skill level 5 in Unarmed Combat
  2056 | D:4      | Reached XP level 6. HP: 61/61 MP: 6/6
  2060 | D:4      | Killed Dowan
  2104 | D:4      | Noticed a slave
  2104 | D:4      | Noticed a slave
  2105 | D:4      | Noticed a slave
  2106 | D:4      | Noticed Pikel
  2106 | D:4      | Noticed a slave
  2117 | D:4      | Killed a slave
  2125 | D:4      | Killed Pikel
  2125 | D:4      | Reached skill level 7 in Unarmed Combat
  2125 | D:4      | Reached XP level 7. HP: 63/70 MP: 7/7
  2261 | D:4      | Noticed Menkaure
  2267 | D:4      | Killed Menkaure
  2267 | D:4      | Reached XP level 8. HP: 50/79 MP: 8/8
  2549 | D:4      | Noticed Robin
  2560 | D:4      | Killed Robin
  2779 | D:5      | Entered Level 5 of the Dungeon
  2784 | D:5      | Reached skill level 8 in Unarmed Combat
  2865 | D:5      | Noticed Sigmund
  2872 | D:5      | Killed Sigmund
  2872 | D:5      | Reached skill level 5 in Fighting
  2889 | D:5      | Found an ancient bone altar of Kikubaaqudgha.
  2889 | D:5      | Found a white marble altar of Elyvilon.
  2889 | D:5      | Found a snail-covered altar of Cheibriados.
  2889 | D:5      | Found a radiant altar of Vehumet.
  3041 | D:5      | Found a staircase to the Ecumenical Temple.
  3091 | D:5      | Reached skill level 9 in Unarmed Combat
  3188 | D:5      | Found a deep blue altar of Sif Muna.
  3191 | D:5      | Found a glowing golden altar of the Shining One.
  3417 | D:6      | Reached XP level 9. HP: 61/87 MP: 9/9
  3583 | D:6      | Found a glowing drain.
  3609 | Sewer    | Entered a sewer
  4181 | D:5      | Reached skill level 10 in Unarmed Combat
  4488 | D:7      | Found a burning altar of Makhleb.
  4493 | D:7      | Found a glowing silver altar of Zin.
  4494 | D:7      | Noticed an angel
  4494 | D:7      | Noticed a balrug
  4724 | D:7      | Gained mutation: You are agile. (Dex +2) [potion of mutation]
  4724 | D:7      | Gained mutation: You have a pair of small horns on your head. [potion of mutation]
  4724 | D:7      | HP: 3/92 [poisoned by a killer bee]
  5004 | D:7      | Reached skill level 11 in Unarmed Combat
  5529 | D:8      | Found a shattered altar of Ashenzari.
  5529 | D:8      | Found a faded altar of an unknown god.
  5536 | D:8      | Found a shimmering altar of Xom.
  5538 | D:8      | Found a faded altar of an unknown god.
  5539 | D:8      | Found a basalt altar of Yredelemnul.
  5703 | D:8      | Noticed Gastronok
  5710 | D:8      | Noticed a two-headed ogre
  5811 | D:8      | Killed a two-headed ogre
  5811 | D:8      | Reached XP level 10. HP: 34/102 MP: 10/10
  5942 | D:8      | Killed Gastronok
  5942 | D:8      | Reached skill level 12 in Unarmed Combat
  6814 | D:9      | Noticed Joseph
  6831 | D:9      | Killed Joseph
  6925 | D:9      | Reached skill level 13 in Unarmed Combat
  6961 | D:9      | You fall through a shaft for 3 floors!
  6961 | D:12     | Found a staircase to the Orcish Mines.
  7053 | D:11     | Noticed a sixfirhy
  7321 | D:12     | Reached XP level 11. HP: 94/113 MP: 11/11
  7513 | D:11     | Noticed a two-headed ogre
  7517 | D:11     | Killed a two-headed ogre
  7517 | D:11     | Reached skill level 1 in Shields
  7726 | D:10     | Entered Level 10 of the Dungeon
  8279 | D:9      | Noticed Maurice
  8290 | D:9      | Killed Maurice
  8305 | D:9      | Reached skill level 14 in Unarmed Combat
  8851 | D:10     | Found a staircase to the Lair.
  8934 | D:11     | Noticed Erica
  8966 | D:11     | Killed Erica
  9163 | D:11     | Reached XP level 12. HP: 114/123 MP: 12/12
  9224 | D:11     | Reached skill level 5 in Shields
  9512 | D:11     | Found a portal to a secret trove of treasure.
  9694 | D:12     | Noticed a two-headed ogre
  9704 | D:12     | Killed a two-headed ogre
 10600 | D:11     | Reached skill level 15 in Unarmed Combat
 10716 | D:13     | Noticed a centaur warrior
 11004 | D:12     | Killed a centaur warrior
 11316 | D:13     | Noticed Josephine
 11373 | D:12     | Killed Josephine
 11460 | D:13     | Noticed a six-headed hydra
 11461 | D:13     | Noticed Urug
 11465 | D:13     | Noticed Rupert
 11466 | D:13     | Noticed Kirke
 11471 | D:13     | Noticed Nessos
 11487 | D:13     | Killed Urug
 11496 | D:13     | Killed Kirke
 11496 | D:13     | Reached skill level 10 in Fighting
 11496 | D:13     | Reached XP level 13. HP: 62/133 MP: 13/13
 11506 | D:13     | Found a gate to the Vaults.
 12531 | D:13     | Reached skill level 16 in Unarmed Combat
 13403 | D:13     | Killed Nessos
 14089 | D:14     | Found a runed gate.
 14089 | D:14     | Found a runed gate.
 14090 | D:14     | Found a runed gate.
 14092 | D:14     | Noticed Ucsaci's ghost (journeyman HuFi)
 14133 | D:14     | Found a sparkling altar of Nemelex Xobeh.
 14318 | D:15     | Entered Level 15 of the Dungeon
 14885 | D:15     | Found a staircase to the Depths.
 15467 | Orc:1    | Entered Level 1 of the Orcish Mines
 15467 | Orc:1    | Found Weahomua's Weapon Shoppe.
 15688 | Orc:2    | Entered Level 2 of the Orcish Mines
 15688 | Orc:2    | Found a staircase to the Elven Halls.
 15811 | Orc:2    | Noticed an orc warlord
 15899 | Orc:1    | Killed an orc warlord
 15899 | Orc:1    | Reached skill level 17 in Unarmed Combat
 15989 | Orc:1    | Reached XP level 14. HP: 78/144 MP: 14/14
 16534 | Orc:2    | Noticed Snorg
 16595 | Orc:2    | Killed Snorg
 17236 | Orc:2    | Found Guv Fatt's Magic Scroll Shoppe.
 17613 | Orc:2    | Found Pibuz's Food Shoppe.
 17618 | Orc:2    | Found Deorech's Antique Armour Shop.
 17625 | Orc:2    | Found Utearche's Book Shop.
 17972 | Orc:2    | Bought the Guide on Clay and the Compass for 834 gold pieces
 17980 | Orc:2    | Learned a level 6 spell: Statue Form
 18007 | Orc:2    | Bought a scroll of blinking for 105 gold pieces
 18007 | Orc:2    | Bought a scroll of blinking for 105 gold pieces
 18207 | Lair:1   | Entered Level 1 of the Lair of Beasts
 18223 | Lair:1   | Found a frozen archway.
 18329 | Lair:1   | Reached skill level 1 in Earth Magic
 18433 | Lair:1   | Reached skill level 1 in Transmutations
 19364 | Lair:2   | Found a staircase to the Swamp.
 19798 | Lair:3   | Noticed Fannar
 19822 | Lair:3   | Killed Fannar
 20453 | Lair:3   | Reached skill level 5 in Earth Magic
 20496 | Lair:4   | Noticed an entropy weaver
 20855 | Lair:3   | Killed an entropy weaver
 20914 | Lair:4   | Found a hole to the Spider Nest.
 21138 | Lair:4   | Noticed an entropy weaver
 21394 | Lair:4   | Killed an entropy weaver
 22153 | Lair:5   | Reached XP level 15. HP: 145/154 MP: 15/15
 22866 | Lair:6   | Entered Level 6 of the Lair of Beasts
 23602 | Lair:6   | Found a staircase to the Slime Pits.
 23602 | Lair:6   | Found a viscous altar of Jiyva.
 23688 | Lair:6   | Reached skill level 5 in Transmutations
 24617 | Swamp:1  | Entered Level 1 of the Swamp
 24669 | Swamp:1  | HP: 6/154 [shambling mangrove (12)]
 24879 | Swamp:1  | Reached skill level 10 in Earth Magic
 26257 | Swamp:1  | Found a runed gate.
 26257 | Swamp:1  | Found a runed gate.
 26257 | Swamp:1  | Found a runed gate.
 26257 | Swamp:1  | Noticed Duilyg's ghost (adept MiBe)
 26257 | Swamp:1  | Noticed a thorn hunter
 26660 | Swamp:2  | Noticed Nikola
 26820 | Swamp:2  | You fall through a shaft!
 26835 | Swamp:3  | Noticed a thorn hunter
 26852 | Swamp:3  | Killed a thorn hunter
 26852 | Swamp:3  | Reached XP level 16. HP: 20/163 MP: 16/16
 26853 | Swamp:3  | HP: 3/163 [tyrant leech (18)]
 26854 | Swamp:3  | Slain by a tyrant leech

Skill      XL: |  1  2  3  4  5  6  7  8  9 10 11 12 13 14 15 |
---------------+----------------------------------------------+-----
Fighting       | 1 2 3 4 5 7 8 9 10 11 | 11.4
Unarmed Combat | 1 2 3 5 7 9 11 13 14 15 17 | 17.8
Shields        | 4 7 9 |  9.0
Earth Magic    | 6 11 | 11.0
Transmutations | 3 6 |  6.4
Throwing       | |  1.7
Dodging        | |  1.5
Spellcasting   | |  1.0
Hexes          | |  2.0

Action                   |  1- 3 |  4- 6 |  7- 9 | 10-12 | 13-15 | 16-18 || total
-------------------------+-------+-------+-------+-------+-------+-------++-------
Melee: Unarmed           |   136 |   105 |   377 |   584 |  1602 |     2 ||  2806
       Punch             |       |     3 |    11 |    11 |       |       ||    25
       Headbutt          |       |       |    11 |   118 |   348 |       ||   477
Throw: Large rock        |       |     4 |     4 |    13 |     8 |       ||    29
       Throwing net      |       |     2 |     1 |     2 |       |       ||     5
Evoke: Wand              |       |       |       |     4 |    18 |       ||    22
  Use: Scroll            |       |       |    14 |     6 |    15 |       ||    35
       Potion            |       |       |     7 |       |     7 |       ||    14
 Stab: Sleeping          |     2 |       |       |     3 |       |       ||     5
       Held in net/web   |       |       |     1 |     3 |       |       ||     4
       Paralysed         |       |       |       |       |     3 |       ||     3
  Eat: Chunk             |    15 |    10 |    32 |    54 |   136 |       ||   247
Armor: Robe              |    87 |    19 |    87 |   117 |   256 |       ||   566
       Swamp dragon scal |       |       |       |       |    21 |       ||    21
Dodge: Dodged            |    91 |    62 |   252 |   244 |   627 |       ||  1276
Block: Shield            |       |       |       |   176 |   768 |       ||   944
